 Dungeon Crawl Stone Soup version 0.20.1-1-g8b1a95d (webtiles) character file.

882 Votkuri the Ruffian (level 8, -1/70 HPs)
             Began as a Ghoul Arcane Marksman on July 13, 2017.
             Slain by a centaur (3 damage)
             ... on level 6 of the Dungeon.
             The game lasted 00:14:35 (4417 turns).

Votkuri the Ruffian (Ghoul Arcane Marksman)         Turns: 4417, Time: 00:14:35

Health: -1/70      AC:  5    Str: 16    XL:     8   Next: 5%
Magic:  8/8        EV: 11    Int:  8    God:
Gold:   230        SH:  0    Dex:  9    Spells: 8/9 levels left

rFire    . . .     SeeInvis +     - Unarmed
rCold    + . .     Gourm    .   (no shield)
rNeg     + + +     Faith    .   b - +0 leather armour
rPois    ∞         Spirit   .   (no helmet)
rElec    .         Reflect  .   (no cloak)
rCorr    +         Harm     .   (no gloves)
MR       .....                  k - +1 pair of boots
Stlth    +.........             (no amulet)
Regen    0.0/turn               n - ring of see invisible
MPRegen  0.2/turn               x - ring of resist corrosion

@: rotting
A: rotting body, claws 1, carnivore 3, cold resistance 1, negative energy
resistance 3, inhibited regeneration, torment resistance, unbreathing
a: no special abilities


You were on level 6 of the Dungeon.
You were not hungry.

You visited 1 branch of the dungeon, and saw 6 of its levels.

You collected 230 gold pieces.

Inventory:

Hand Weapons
 a - a +0 hunting sling
 i - a +0 whip
 K - a +3 whip of electrocution
Missiles
 d - 33 sling bullets
 h - 25 poisoned needles
 j - 203 stones (quivered)
Armour
 b - a +0 leather armour (worn)
 e - a +0 robe
 k - a +1 pair of boots (worn)
 C - a +0 ring mail
 G - a +0 pair of gloves
Jewellery
 n - a ring of see invisible (left claw)
 v - an uncursed ring of teleportation
 x - a ring of resist corrosion (right claw)
 H - a cursed -3 ring of strength {unknown}
Wands
 L - a wand of confusion (15/48)
 N - a wand of lightning (6/15)
Scrolls
 m - 2 scrolls of noise
 r - 2 scrolls of immolation
 s - 2 scrolls of teleportation
 u - 3 scrolls of fog
 y - a scroll of remove curse
 B - a scroll of enchant armour
Potions
 g - 4 potions of haste {unknown}
 o - a potion of resistance {unknown}
 p - 3 potions of invisibility {unknown}
 w - 2 potions of mutation {unknown}
 z - a potion of flight {unknown}
 A - a potion of agility {unknown}
 D - a potion of brilliance {unknown}
 F - 2 potions of degeneration {unknown}
 I - a potion of heal wounds {unknown}
 M - a potion of might {unknown}
 O - a potion of magic {unknown}
Books
 c - a book of Debilitation

   Spells                             Type                      Level
   a - Corona                         Hexes                        1
   b - Slow                           Hexes                        2
   c - Inner Flame                    Hexes/Fire                   3
   d - Portal Projectile              Hexes/Translocation          3
   e - Cause Fear                     Hexes                        4
   f - Leda's Liquefaction            Hexes/Earth                  4
Comestibles
 f - 3 meat rations
 q - 3 royal jellies


   Skills:
 + Level 5.7 Fighting
 - Level 2.1 Slings
 - Level 1.7 Dodging
 * Level 7.5 Unarmed Combat
 - Level 1.0 Spellcasting
 - Level 2.4 Hexes


You had 8 spell levels left.
You knew the following spells:

 Your Spells              Type           Power        Failure   Level  Hunger
a - Corona                Hex            #......      19%         1    ##.....


Dungeon Overview and Level Annotations

Branches:
Dungeon (6/15)
 Temple: D:4-7

Altars:
Okawaru

Annotations:
D:2 exclusion: downstairs
D:3 Robin, Sigmund
D:4 exclusion: upstairs


Innate Abilities, Weirdness & Mutations

Your body is rotting away.
You thrive on raw meat.
You are immune to poison.
You have sharp fingernails.
You are carnivorous and can eat meat at any time.
Your flesh is cold resistant. (rC+)
You are immune to negative energy. (rN+++)
You do not regenerate when monsters are visible.
You are immune to unholy pain and torment.
You can survive without breathing.


Message History

You scratch the centaur but do no damage.
The centaur is heavily wounded.
The centaur closely misses you.
You scratch the centaur but do no damage.
The centaur is heavily wounded.
The centaur hits you.
* * * LOW HITPOINT WARNING * * *
The centaur hits you.
* * * LOW HITPOINT WARNING * * *
Okay, then.
You scratch the centaur.
The centaur is severely wounded.
The centaur closely misses you.
You closely miss the centaur.
The centaur is severely wounded.
The centaur barely misses you.
You scratch the centaur.
The centaur is almost dead.
The centaur hits you.
You die...

#.......#
#.......#
#.......#
#.......#
#.......#
#......$####
#......)c..# #
#@...#
#.####....#
.#....(..#####
#...<...(.#...#
#.........#.#.#
##..........#.#
#...(......#)#
##>........#.#
#####
#.........#.#
#...#


You could see a centaur.

Vanquished Creatures
  Menkaure (D:5)
  A necrophage (D:5)
  A phantom (D:5)
  An ogre (D:6)
  A howler monkey (D:4)
  2 hounds
  2 orc wizards (D:5)
  A centaur skeleton (D:4)
  Ijyb (D:5)
  2 worker ants (D:5)
  7 adders
  7 gnolls
  A worm (D:4)
  A dart slug (D:3)
  4 leopard geckos
  9 orcs
  2 ball pythons
  10 bats
  5 giant cockroaches
  14 goblins
  7 hobgoblins
  8 jackals (D:1)
  4 quokkas
  A frilled lizard (D:2)
  A jackal zombie (D:5)
  7 kobolds
  8 rats
109 creatures vanquished.

Vanquished Creatures (others)
  An orc wizard (D:5)
1 creature vanquished.

Grand Total: 110 creatures vanquished

Notes
Turn   | Place    | Note
-------+----------+-------------------------------------------
     0 | D:1      | Votkuri the Ghoul Arcane Marksman began the quest for the Orb.
     0 | D:1      | Reached XP level 1. HP: 16/16 MP: 1/1
   108 | D:1      | Reached skill level 1 in Unarmed Combat
   124 | D:1      | Reached XP level 2. HP: 23/23 MP: 2/2
   325 | D:1      | Reached XP level 3. HP: 29/29 MP: 3/3
  1142 | D:2      | Reached skill level 2 in Unarmed Combat
  1142 | D:2      | Reached XP level 4. HP: 34/35 MP: 4/4
  1912 | D:3      | Noticed Robin
  2162 | D:3      | Found an iron altar of Okawaru.
  2175 | D:3      | Reached skill level 3 in Unarmed Combat
  2286 | D:3      | Reached XP level 5. HP: 40/45 MP: 5/5
  2396 | D:3      | Noticed Sigmund
  2978 | D:4      | Reached skill level 4 in Unarmed Combat
  2988 | D:4      | Reached XP level 6. HP: 33/52 MP: 6/6
  3100 | D:5      | Entered Level 5 of the Dungeon
  3224 | D:5      | Reached skill level 5 in Unarmed Combat
  3329 | D:5      | Noticed Ijyb
  3355 | D:5      | Killed Ijyb
  3392 | D:5      | Noticed a phantom
  3409 | D:5      | Killed a phantom
  3409 | D:5      | Reached XP level 7. HP: 34/60 MP: 7/7
  3563 | D:5      | Noticed Menkaure
  3852 | D:5      | Reached skill level 6 in Unarmed Combat
  4013 | D:5      | Reached skill level 5 in Fighting
  4168 | D:5      | Killed Menkaure
  4287 | D:5      | Reached skill level 7 in Unarmed Combat
  4392 | D:6      | Reached XP level 8. HP: 39/70 MP: 8/8
  4414 | D:6      | HP: 2/70 [centaur (6)]
  4417 | D:6      | Slain by a centaur

Skill      XL: |  1  2  3  4  5  6  7 |
---------------+----------------------+-----
Slings         | 2 |  2.1
Unarmed Combat | 1 2 3 4 5 7 |  7.5
Fighting       | 2 3 4 5 |  5.7
Dodging        | |  1.7
Spellcasting   | |  1.0
Hexes          | |  2.4

Action                   |  1- 3 |  4- 6 |  7- 9 || total
-------------------------+-------+-------+-------++-------
Melee: Unarmed           |     8 |   197 |    92 ||   297
       Punch             |       |       |     1 ||     1
 Fire: Hunting sling     |   131 |    22 |       ||   153
 Cast: Corona            |     2 |       |       ||     2
  Use: Scroll            |       |     4 |     5 ||     9
  Eat: Chunk             |     5 |    16 |    10 ||    31
Armor: Robe              |    36 |       |       ||    36
       Leather armour    |       |    54 |    10 ||    64
Dodge: Dodged            |    69 |    98 |    49 ||   216
